 Dungeon Crawl Stone Soup version 0.27.1-34-g3ba077fa99 (webtiles) character file.

Game seed: 14814475291178852457

14 zeram the Covered (level 2, 0/19 HPs)
             Began as a Gargoyle Fighter on Jan 20, 2022.
             Frozen to death by an endoplasm (5 damage)
             ... on level 2 of the Dungeon.
             The game lasted 00:01:41 (1047 turns).

zeram the Covered (Gargoyle Fighter)                Turns: 1047, Time: 00:01:41

Health: 0/19       AC:  9    Str: 19    XL:     2   Next: 41%
Magic:  2/2        EV:  4    Int:  8    God:
Gold:   31         SH:  9    Dex:  9    Spells: 1/1 levels left

rFire    . . .     SeeInvis .   a - +0 flail
rCold    . . .     Faith    .   c - +0 kite shield
rNeg     + . .     Spirit   .   b - +0 scale mail
rPois    ∞         Reflect  .   (no helmet)
rElec    +         Harm     .   k - scarf {+Inv}
rCorr    .         Rampage  .   (no gloves)
Will     .....                  (no boots)
Stlth    ..........             (no amulet)
HPRegen  0.06/turn              (no ring)
MPRegen  0.08/turn              (no ring)

@: constricted
A: sickness immunity, AC +2, negative energy resistance 1, electricity
resistance, torment resistance 1, petrification resistance
a: Evoke Invisibility


You were on level 2 of the Dungeon.
You visited 1 branch of the dungeon, and saw 2 of its levels.

You collected 31 gold pieces.

Inventory:

Hand Weapons
 a - a +0 flail (weapon)
Armour
 b - a +0 scale mail (worn)
 c - a +0 kite shield (worn)
 k - a scarf of invisibility (worn)
Scrolls
 f - a scroll of teleportation {unknown}
 g - a scroll of acquirement
 j - a scroll of enchant weapon {unknown}
 m - 3 scrolls of identify {unknown}
Potions
 d - a potion of might
 e - a potion of heal wounds {unknown}
 h - a potion of mutation {unknown}
 i - a potion of flight {unknown}
 l - a potion of lignification {unknown}


   Skills:
 + Level 3.4 Fighting
 + Level 2.3 Maces & Flails
 + Level 3.5 Armour
 + Level 3.4 Shields


You had one spell level left.
You didn't know any spells.
Your spell library contained the following spells:

 Spells                   Type           Power      Damage    Failure   Level
 Passwall                 Tmut/Erth      0%         N/A       100%        2
 Swiftness                Air            0%         N/A       100%        3
 Invisibility             Hex            0%         N/A       100%        6


Dungeon Overview and Level Annotations

Branches:
Dungeon (2/15)

Altars:


Innate Abilities, Weirdness & Mutations

You are immune to sickness and miasma.
Your stone body is resilient. (AC +2)
You are immune to poison.
You resist negative energy. (rN+)
You are resistant to electric shocks. (rElec)
You are resistant to unholy torment.
You are immune to petrification.


Message History

You closely miss the goblin.
The goblin is moderately wounded.
The ball python bites you but does no damage.
You block the ball python's attack. The goblin hits you but does no damage.
The ball python bites you but does no damage.
The ball python grabs you. The ball python constricts you.
You thump the ball python!
You kill the ball python!
The goblin hits you but does no damage. The ball python bites you.
You block the ball python's attack. The endoplasm freezes you.
You are frozen.
The goblin hits you but does no damage.
You closely miss the goblin.
The goblin is moderately wounded.
The ball python barely misses you. The ball python grabs you.
The ball python constricts you. The goblin hits you with a +0 dagger.
You block the endoplasm's attack.
The ball python bites you but does no damage.
The ball python constricts you.
You barely miss the ball python. You block the ball python's attack.
The ball python constricts you. The endoplasm freezes you.
You are frozen.
You block the goblin's attack. The ball python barely misses you.
The ball python constricts you. The goblin hits you but does no damage.
The endoplasm completely misses you.
You thump the goblin!
You kill the goblin!
You block the ball python's attack. The ball python constricts you.
The endoplasm freezes you.
You are frozen.
You block the ball python's attack. The ball python constricts you.
* * * LOW HITPOINT WARNING * * *
The kobold hits you but does no damage.
The endoplasm hits you but does no damage.
The ball python's grasp on you weakens, but your attempt to escape fails.
You block the ball python's attack. The ball python constricts you.
The kobold barely misses you. The endoplasm freezes you.
You are frozen.
You die...

#.............#
##.#######.##.#
#.##.# #.##.#
#.##.. #.#### #.#
######.#.#...
#..S@.........
......KJ#..#.#..#
####...w.......
#..#.#........
#..#.##.###..#
....#.# .# ..
#.#. #.# .. ....
#.# ###


You could see a dart slug, an endoplasm, a ball python and a kobold.

Vanquished Creatures
  A giant cockroach (D:1)
  A hobgoblin (D:1)
  3 jackals (D:1)
  A quokka (D:1)
  4 ball pythons
  A bat (D:2)
  2 frilled lizards (D:1)
  A goblin (D:2)
14 creatures vanquished.

Notes
Turn   | Place    | Note
-------+----------+-------------------------------------------
     0 | D:1      | zeram the Gargoyle Fighter began the quest for the Orb.
     0 | D:1      | Reached XP level 1. HP: 14/14 MP: 1/1
   287 | D:1      | Found a faded altar of an unknown god.
   434 | D:1      | Reached XP level 2. HP: 13/19 MP: 2/2
   938 | D:1      | Identified 2 scrolls of acquirement
   938 | D:1      | Acquired a scarf of invisibility
  1047 | D:2      | Frozen to death by an endoplasm

Illustrated notes

Levels and vault maps discovered:
D:1:      dpeg_arrival_simpleton_b, layout_loops_cross,
          shapermc_ecumenical_altar_starsandcircs
D:2:      layout_loops_ring

Action                   || total
-------------------------++-------
Melee: Flail             ||    75
  Use: Scroll            ||     1
Armor: Scale mail        ||    76
Dodge: Dodged            ||    30
Block: Kite shield       ||    74
